 Dungeon Crawl Stone Soup version 0.31-a0-876-gfe8ebadbca (webtiles) character file.

Game seed: 7437255263447759258

2331 Gergoth the Ducker (level 9, 0/66 HPs)
             Began as a Djinni Air Elementalist on Oct 13, 2023.
             Was a Follower of Makhleb.
             Slain by a killer bee (7 damage)
             ... on level 7 of the Dungeon.
             The game lasted 00:18:54 (5477 turns).

Gergoth the Ducker (Djinni Air Elementalist)        Turns: 5477, Time: 00:18:54

Health: 0/66       AC: 10    Str:  7    XL:     9   Next: 70%
Gold:   234        EV: 15    Int: 21    God:    Makhleb [*.....] SH:  0 Dex: 14

rFire   + + .        d - +1 rapier (speed)
rCold   x . .        (no shield)
rNeg    . . .        a - +0 robe
rPois   ∞            q - +0 hat
rElec   .            b - +0 cloak
rCorr   .            f - +1 pair of gloves
SInv    .            (boots unavailable)
Will    .....        (no amulet)
Stlth   ++           h - +4 ring of protection
HPRegen 0.31/turn    (no ring)
MPRegen 0.00/turn

%: infuse magic (-1 HP)
@: flying, very slightly contaminated
A: sickness immunity, fire resistance 2, cold vulnerability 1, float, innate
caster, HP casting, extra vitality 1
a: Renounce Religion


You were on level 7 of the Dungeon.
You worshipped Makhleb.
Makhleb was aware of your devotion.
You visited 2 branches of the dungeon, and saw 8 of its levels.

You collected 234 gold pieces.

Inventory:

Hand Weapons
 d - a +1 rapier of speed (weapon)
Armour
 a - a +0 robe (worn)
 b - a +0 cloak (worn)
 f - a +1 pair of gloves (worn)
 q - a +0 hat (worn)
 z - a +4 plate armour of cold resistance
Magical Staves
 m - a staff of air
Jewellery
 h - a +4 ring of protection (left hand)
 s - a +6 ring of strength
 u - an amulet of the acrobat
Scrolls
 e - a scroll of amnesia {unknown}
 j - 2 scrolls of revelation
 k - 2 scrolls of teleportation
 n - a scroll of vulnerability {unknown}
 p - a scroll of poison {unknown}
 r - 5 scrolls of identify
Potions
 c - 2 potions of brilliance
 g - a potion of resistance {unknown}
 i - a potion of berserk rage {unknown}
 l - 2 potions of curing
 o - a potion of haste {unknown}


   Skills:
 + Level 5.8 Fighting
 + Level 5.8 Armour
 + Level 6.9 Dodging
 - Level 1.5 Stealth
 + Level 5.7 Spellcasting
 + Level 5.7 Conjurations
 + Level 5.7 Hexes
 + Level 5.7 Summonings
 + Level 5.7 Necromancy
 + Level 5.7 Translocations
 + Level 5.7 Transmutations
 + Level 5.7 Fire Magic
 + Level 5.7 Ice Magic
 + Level 5.7 Air Magic
 + Level 5.7 Earth Magic
 + Level 5.7 Poison Magic


You knew the following spells:

 Your Spells              Type           Power      Damage    Failure   Level
a - Shock                 Conj/Air       100%       1d9       1%          1
b - Static Discharge      Conj/Air       60%        2-5/arc   1%          2
c - Swiftness             Air            30%        N/A       3%          3
d - Airstrike             Air            15%        2d(3-19)  10%         4
e - Kiss of Death         Conj/Necr      100%       2d13      1%          1
f - Jinxbite              Hex            60%        N/A       1%          2
g - Tukima's Dance        Hex            30%        N/A       3%          3
h - Hailstorm             Conj/Ice       30%        3d8       3%          3
Your spell library was empty.

Dungeon Overview and Level Annotations

Branches:
Dungeon (7/15)             Temple (1/1) D:5

Altars:
Ashenzari
Dithmenos
Elyvilon
Fedhas
Gozag
Hepliaklqana
Makhleb
Nemelex Xobeh
Okawaru
Qazlal
Ru
Trog
Wu Jian
Xom
Yredelemnul
Zin
The Shining One

Shops:
D:7 *

Annotations:
D:1 1 runed translucent door
D:2 Sigmund


Innate Abilities, Weirdness & Mutations

You are immune to sickness and miasma.
You are immune to poison.
Your flesh is very heat resistant. (rF++)
You are vulnerable to cold. (rC-)
You float through the air rather than walking.
You learn spells naturally, not from books.
Your magical power is your life essence.
You have superior vitality. (+4 MHP)


Message History

The zap hits the killer bee.
The killer bee is almost dead.
The zap misses the killer bee.
* * * LOW HITPOINT WARNING * * *
The killer bee closely misses you. The killer bee misses you.
The killer bee stings you.
* * * LOW HITPOINT WARNING * * *
The killer bee stings you but does no damage.
Your magical contamination has completely faded away.
Casting: Shock (safe; 1% risk of failure)
Confirm with . or Enter, or press ? or * to list all spells.
Aiming: Shock (safe; 1% risk of failure)
Press: ? - help, Shift-Dir - straight line You miscast Shock.
You are very lightly contaminated with residual magic.
Nothing appears to happen.
* * * LOW HITPOINT WARNING * * *
The killer bee misses you. The killer bee closely misses you.
The killer bee completely misses you.
The killer bee stings you but does no damage.
Casting: Shock (safe; 1% risk of failure)
Confirm with . or Enter, or press ? or * to list all spells.
Aiming: Shock (safe; 1% risk of failure)
Press: ? - help, Shift-Dir - straight line The zap misses the killer bee. x2
* * * LOW HITPOINT WARNING * * *
The killer bee barely misses you. The killer bee completely misses you.
The killer bee stings you but does no damage.
The killer bee stings you.
* * * LOW HITPOINT WARNING * * *
Casting: Shock (safe; 1% risk of failure)
Confirm with . or Enter, or press ? or * to list all spells.
Aiming: Shock (safe; 1% risk of failure)
Press: ? - help, Shift-Dir - straight line The zap hits the killer bee!
You kill the killer bee!
Makhleb accepts your kill.
You can now gain health from killing.
* * * LOW HITPOINT WARNING * * *
The killer bee stings you!
You die...

## .# #. ..
##.##.#
####..#.. ##
......... ..##
#.....)##.....
##....†.......#
.....[y@..)....
#......).......
#.....)........
...#..........#
#. ##........!#
. _..∩..###.#
##...... #
......?.


You could see a killer bee.

Vanquished Creatures
  Grinder (D:4)
  A sky beast (D:6)
  An orc warrior (D:6)
  2 centaurs (D:5)
  4 ogres
  3 phantoms
  A bullfrog (D:6)
  6 scorpions
  5 killer bees (D:7)
  2 hounds
  2 orc priests
  2 sleepcaps
  A gnoll bouda (D:6)
  2 iguanas
  2 orc wizards
  10 gnolls
  4 adders
  A dart slug (D:1)
  17 orcs
  5 ball pythons
  5 endoplasms
  A giant cockroach (D:2)
  6 goblins
  2 hobgoblins
  6 quokkas
  2 bats
  2 frilled lizards (D:1)
  4 kobolds
  8 rats
108 creatures vanquished.

Vanquished Creatures (collateral kills)
  An ogre (D:5)
  A hound (D:6)
  An orc wizard (D:6)
  A gnoll (D:6)
  An orc (D:7)
5 creatures vanquished.

Vanquished Creatures (others)
  2 dancing weapons
2 creatures vanquished.

Grand Total: 115 creatures vanquished

Notes
Turn   | Place    | Note
-------+----------+-------------------------------------------
     0 | D:1      | Gergoth the Djinni Air Elementalist began the quest for the
                  | Orb.
     0 | D:1      | Gergoth set off with the following spells memorised: Shock,
                  | Static Discharge, Swiftness, Airstrike.
     0 | D:1      | Reached XP level 1. HP: 15/15 MP: 0/0
     1 | D:1      | Found a runed translucent door.
   145 | D:1      | Reached XP level 2. HP: 19/21 MP: 0/0
   344 | D:1      | Reached XP level 3. HP: 24/25 MP: 0/0
   344 | D:1      | Learned a level 1 spell: Kiss of Death
   680 | D:2      | Noticed Sigmund
   711 | D:2      | Reached XP level 4. HP: 21/31 MP: 0/0
   877 | D:2      | Reached skill level 1 in Fighting
   877 | D:2      | Reached skill level 1 in Armour
  1054 | D:3      | Noticed a scorpion
  1074 | D:2      | Killed a scorpion
  1075 | D:2      | Reached skill level 3 in Dodging
  1075 | D:2      | Reached XP level 5. HP: 29/37 MP: 0/0
  1075 | D:2      | Learned a level 2 spell: Jinxbite
  1474 | D:4      | Reached XP level 6. HP: 34/43 MP: 0/0
  1626 | D:4      | Found an ornate altar of the Wu Jian Council.
  1832 | D:4      | Noticed Grinder
  1838 | D:5      | Entered Level 5 of the Dungeon
  1853 | D:5      | Reached XP level 7. HP: 18/49 MP: 0/0
  1853 | D:5      | Learned a level 3 spell: Tukima's Dance
  2045 | D:5      | Reached skill level 4 in Dodging
  2151 | D:5      | Found a staircase to the Ecumenical Temple.
  2160 | Temple   | Entered the Ecumenical Temple
  2289 | D:5      | Reached XP level 8. HP: 15/57 MP: 0/0
  2548 | D:5      | Reached skill level 5 in Dodging
  2842 | D:4      | Paralysed by Grinder for 5 turns
  3138 | D:4      | Killed Grinder
  3183 | D:4      | Reached skill level 5 in Spellcasting
  3183 | D:4      | Reached skill level 5 in Conjurations
  3183 | D:4      | Reached skill level 5 in Hexes
  3183 | D:4      | Reached skill level 5 in Summonings
  3183 | D:4      | Reached skill level 5 in Necromancy
  3183 | D:4      | Reached skill level 5 in Translocations
  3183 | D:4      | Reached skill level 5 in Transmutations
  3183 | D:4      | Reached skill level 5 in Fire Magic
  3183 | D:4      | Reached skill level 5 in Ice Magic
  3183 | D:4      | Reached skill level 5 in Air Magic
  3183 | D:4      | Reached skill level 5 in Earth Magic
  3183 | D:4      | Reached skill level 5 in Poison Magic
  3337 | D:4      | Found a broken altar of Ashenzari.
  3458 | D:4      | Found an opulent altar of Gozag.
  3690 | D:4      | Found a white marble altar of Elyvilon.
  3690 | D:4      | Found a burning altar of Makhleb.
  3693 | D:4      | Found a basalt altar of Yredelemnul.
  3698 | D:4      | Became a worshipper of Makhleb the Destroyer
  3843 | D:4      | Found a glowing golden altar of the Shining One.
  3843 | D:4      | Found an iron altar of Okawaru.
  3860 | D:4      | Found a sparkling altar of Nemelex Xobeh.
  3862 | D:4      | Found a shimmering altar of Xom.
  3865 | D:4      | Found a faded altar of an unknown god.
  3942 | D:5      | Reached XP level 9. HP: 51/64 MP: 0/0
  3942 | D:5      | Learned a level 3 spell: Hailstorm
  4003 | D:5      | Reached skill level 6 in Dodging
  4332 | D:6      | Reached skill level 5 in Fighting
  4332 | D:6      | Reached skill level 5 in Armour
  5357 | D:7      | Found Zin's Purification Station.
  5357 | D:7      | Found a glowing silver altar of Zin.
  5477 | D:7      | Reached * piety under Makhleb
  5477 | D:7      | Slain by a killer bee

Illustrated notes

Levels and vault maps discovered:
D:1:      dpeg_arrival_caged_fury, layout_loops_ring
D:2:      layout_rooms, uniq_sigmund
D:3:      layout_rooms
D:4:      layout_loops_ring, lemuel_coloured_pillars_altar,
          chequers_temple_overflow_minitemple, minitemple,
          mainiacjoe_overflow_small_starburst, minmay_tree_intersection,
          uniq_grinder
D:5:      layout_rooms, minmay_temple_entry_proselytizer, minivault_5
D:6:      layout_basic
D:7:      layout_rooms, zin_purify
Temple:   nicolae_temple_bog_church

Skill      XL: |  1  2  3  4  5  6  7  8  9 |
---------------+----------------------------+-----
Spellcasting   | 4 5 |  5.7
Conjurations   | 4 5 |  5.7
Hexes          | 4 5 |  5.7
Summonings     | 4 5 |  5.7
Necromancy     | 4 5 |  5.7
Translocations | 4 5 |  5.7
Transmutations | 4 5 |  5.7
Fire Magic     | 4 5 |  5.7
Ice Magic      | 4 5 |  5.7
Air Magic      | 4 5 |  5.7
Earth Magic    | 4 5 |  5.7
Poison Magic   | 4 5 |  5.7
Fighting       | 1 2 3 4 5 |  5.8
Armour         | 1 2 3 4 5 |  5.8
Dodging        | 3 4 5 6 |  6.9
Stealth        | |  1.5

Action                     |  1- 3 |  4- 6 |  7- 9 || total
---------------------------+-------+-------+-------++-------
  Melee: Unarmed           |     4 |       |       ||     4
         Rapier            |       |    74 |   149 ||   223
         Punch             |       |       |     2 ||     2
   Cast: Shock             |    42 |    63 |   106 ||   211
         Kiss of Death     |       |     1 |     2 ||     3
         Tukima's Dance    |       |       |    39 ||    39
         Jinxbite          |       |       |     1 ||     1
         Static Discharge  |       |       |     5 ||     5
         Airstrike         |       |       |     3 ||     3
    Use: Scroll            |       |     7 |     2 ||     9
         Potion            |       |       |     1 ||     1
   Stab: Sleeping          |       |     1 |     1 ||     2
         Distracted        |       |     1 |       ||     1
 Armour: Robe              |     3 |    65 |   129 ||   197
  Dodge: Dodged            |     5 |    47 |   179 ||   231

Table legend: (Time is in decaauts)
 A = Elapsed time spent in this place.
 B = Non-inter-level travel time spent in this place.
 C = Inter-level travel time spent in this place.
 D = Time resting spent in this place.
 E = Time spent auto-exploring this place.
 F = Levels seen in this place.
 G = Mean time per level.
                   A        B        C        D        E       F      G
               +--------+--------+--------+--------+--------+-----+--------+
         Total |   5431 |   5320 |    111 |    955 |   2793 |   8 |  678.9 |
       Dungeon |   5340 |   5229 |    111 |    955 |   2793 |   7 |  762.9 |
        Temple |     91 |     91 |      0 |      0 |      0 |   1 |   91.0 |
               +--------+--------+--------+--------+--------+-----+--------+

Top non-repeatable levels by time:
     D:4: 1426 daAuts
     D:5: 1284 daAuts
     D:6: 1153 daAuts
     D:1: 620 daAuts
     D:3: 440 daAuts
     D:2: 388 daAuts
  Temple: 91 daAuts
     D:7: 26 daAuts
